 Dungeon Crawl Stone Soup version 0.30.1 (webtiles) character file.

Game seed: 8179397566952826346

43871 Graphine the Destroyer (level 13, 0/114 HPs)
             Began as a Yellow Draconian Air Elementalist on July 8, 2023.
             Was a High Priest of Sif Muna.
             Engulfed by a cloud of poison gas (3 damage)
             ... on level 2 of the Abyss.
             The game lasted 00:57:52 (18961 turns).

Graphine the Destroyer (DrAE)                      Turns: 18961, Time: 00:57:53

Health: 0/114      AC: 16    Str: 10    XL:     13   Next: 93%
Magic:  6/25       EV: 16    Int: 26    God:    Sif Muna [*****.]
Gold:   863        SH:  0    Dex: 13    Spells: 10/28 levels left

rFire   . . .        E - +2 dagger (venom)
rCold   . . .        c - sphere of Battle
rNeg    . . .        (body armour unavailable)
rPois   .            a - +2 hat
rElec   .            k - +2 cloak
rCorr   +            (no gloves)
SInv    +            y - +2 pair of boots
Will    .....        G - amulet of the acrobat
Stlth   ++           e - +6 ring of intelligence
HPRegen 0.39/turn    m - ring of see invisible
MPRegen 0.19/turn

%: acrobat
@: lethally poisoned (0 -> -25), swift (expiring), attractive, on blink
cooldown, very quick
A: spit acid, AC +8, unfitting armour, cold-blooded, acid resistance
a: Breathe Acid, Renounce Religion, Channel Magic, Forget Spell, Divine Exegesis


You were on level 2 of the Abyss.
You worshipped Sif Muna.
Sif Muna was extremely pleased with you.
You visited 2 branches of the dungeon, and saw 14 of its levels.
You visited the Abyss 1 time.
You also visited: Volcano.

You collected 863 gold pieces.

Inventory:

Hand Weapons
 r - a +4 short sword
 E - a +2 dagger of venom (weapon)
Missiles
 g - 3 throwing nets
Armour
 a - a +2 hat (worn)
 c - the sphere of Battle (worn)
   (You found it on level 9 of the Dungeon)

   It enhances your destructive magic.
   It weakens your non-destructive magic.
   It summons a battlesphere in combat, with strength depending on Conjurations
   skill.
 k - a +2 cloak (worn)
 y - a +2 pair of boots (worn)
Magical Staves
 b - a staff of poison
Jewellery
 e - a +6 ring of intelligence (left hand)
 j - a ring of fire
 m - a ring of see invisible (right hand)
 B - an amulet of guardian spirit
 D - a ring of poison resistance
 G - an amulet of the acrobat (around neck)
 K - a ring of magical power
 N - a ring of flight
Wands
 u - a wand of iceblast (14)
 F - a wand of quicksilver (3)
 I - a wand of mindburst (2)
 J - a wand of polymorph (5)
 L - a wand of digging (3)
Scrolls
 h - 2 scrolls of fog
 i - 3 scrolls of teleportation
 l - 2 scrolls of immolation
 t - a scroll of poison
 M - a scroll of identify
Potions
 d - a potion of flight
 n - 2 potions of mutation {unknown}
 p - 3 potions of degeneration
 s - 3 potions of might
 v - 4 potions of brilliance
 z - a potion of haste
 A - 4 potions of attraction
Miscellaneous
 H - a piece from Xom's chessboard (15/15)


   Skills:
 + Level 10.7 Fighting
 + Level 9.1 Dodging
 - Level 1.7 Stealth
 - Level 8.0 Spellcasting
 * Level 12.3 Conjurations
 - Level 2.0 Translocations
 * Level 10.6 Fire Magic
 - Level 10.0 Air Magic


You had 10 spell levels left.
You knew the following spells:

 Your Spells              Type           Power      Damage    Failure   Level
a - Shock                 Conj/Air       100%       1d9       1%          1
b - Static Discharge      Conj/Air       100%       2-7/arc   1%          2
c - Swiftness             Air            31%        N/A       1%          3
d - Blink                 Tloc           20%        N/A       3%          2
e - Airstrike             Air            38%        2d(6-22)  1%          4
f - Iskenderun's Battles  Conj           84%        2d13      1%          5
g - Foxfire               Conj/Fire      100%       2x1d9     1%          1

Your spell library contained the following spells:

 Spells                   Type           Power      Damage    Failure   Level
 Magic Dart               Conj           100%       1d8       1%          1
 Scorch                   Fire           100%       2d9       1%          2
 Dazzling Flash           Conj/Hex       100%       N/A       1%          3
 Volatile Blastmotes      Fire/Tloc      100%       2d18      1%          3
 Flame Wave               Conj/Fire      81%        2d18      1%          4
 Lesser Beckoning         Tloc           20%        N/A       3%          2
 Slow                     Hex            20%        N/A       5%          1
 Gell's Gravitas          Tloc           10%        N/A       8%          3
 Teleport Other           Tloc           10%        N/A       8%          3
 Wereblood                Tmut           5%         N/A       9%          2
 Confusing Touch          Hex            5%         N/A       17%         3
 Vampiric Draining        Necr           5%         2d6       17%         3
 Manifold Assault         Tloc           10%        N/A       24%         4
 Passage of Golubria      Tloc           10%        N/A       24%         4
 Blade Hands              Tmut           2%         N/A       83%         5
 Yara's Violent Unravell  Hex/Tmut       7%         3d5       83%         5
 Storm Form               Tmut/Air       9%         N/A       99%         7
 Summon Cactus Giant      Summ           2%         N/A       100%        6
 Fire Storm               Conj/Fire      40%        8d10      100%        9


Dungeon Overview and Level Annotations

Branches:
Dungeon (9/15)             Temple (0/1) D:7            Lair (5/5) D:9
  Swamp (0/4) Lair:2       Spider (0/4) Lair:3        Slime (0/5) Lair:5
Volcano (visited)
    Orc: D:9-12

Altars:
Cheibriados
Dithmenos
Elyvilon
Okawaru
Ru
Sif Muna
Uskayaw
Vehumet
Xom
Yredelemnul
The Shining One

Shops:
D:6 *


Innate Abilities, Weirdness & Mutations

You can spit globs of acid.
Your golden yellow scales are hard. (AC +8)
You cannot fit into any form of body armour.
You are cold-blooded and may be slowed by cold attacks.
You are resistant to acid. (rCorr)


Message History

* * * LOW HITPOINT WARNING * * *
A black mamba skeleton comes into view.
You hear a shout!
Really read the scroll of poison?
You can't even see any enemies this would affect.
The air fills with toxic fumes!
As you read the scroll of poison, it crumbles to dust.
The black mamba skeleton bites you but does no damage.
The large abomination hits you!!
* * * LOW HITPOINT WARNING * * *
An iron imp comes into view.
The black mamba skeleton closely misses you.
Casting: Shock (safe; 1% risk of failure)
Confirm with . or Enter, or press ? or * to list all spells.
You feel a numb sensation.
You blink.
You are engulfed in poison gas.
You are lethally poisoned!
You start to feel a little slower.
* * * LOW HITPOINT WARNING * * *
You feel very sick.
The large abomination hits your battlesphere.
The black mamba skeleton bites your battlesphere.
The large abomination hits your battlesphere!!
Your battlesphere is destroyed!
You feel better.
You conjure a globe of magical energy.
You are engulfed in poison gas.
You are lethally poisoned!
* * * LOW HITPOINT WARNING * * *
x2 You feel very sick.
The black mamba skeleton bites your battlesphere!
The small abomination hits you.
* * * LOW HITPOINT WARNING * * *
The black mamba skeleton bites your battlesphere.
The small abomination misses you.
The large abomination closely misses your battlesphere.
Really quaff the potion of attraction?
Okay, then.
Really quaff the potion of attraction?
You feel attractive to monsters.
You are engulfed in poison gas.
You are more poisoned.
You die...

.§# .§ ##
###.# .. #...#
.# #.##.. ##
###..#
#.###..###
###.#x##..#
#§.X*@# #
#§§#Z§x# .#
##§.§##§..#.
#.§§.##.5##...
###§. ..§ . ..
#§. .§#§. #.#
§.# ..§.# .§#
..##.


You could see a large abomination, 2 small abominations, an iron imp, a black
mamba skeleton and a friendly battlesphere.

Vanquished Creatures
  A caustic shrike skeleton (Abyss:2)
  A dire elephant (Lair:5)
  A fire dragon (Volcano)
  4 hydras (Lair:5)
  A catoblepas (Lair:5)
  2 boulder beetles
  4 death yaks (Lair:5)
  Sonja (Lair:2)
  A skyshark (Lair:3)
  4 lindwurms (Volcano)
  Pikel (D:7)
  6 elephants
  A black mamba (Lair:5)
  Joseph (D:8)
  6 smoke demons (Volcano)
  13 cane toads
  Psyche (D:8)
  7 rime drakes
  An efreet (Abyss:2)
  8 komodo dragons
  A golden dragon simulacrum (Abyss:2)
  2 polar bears
  3 starcursed masses (Abyss:2)
  Grinder (D:6)
  7 raiju (Abyss:2)
  16 blink frogs
  Sigmund (D:3)
  A ynoxinul (Abyss:2)
  A jumping spider (Lair:3)
  A shadow (Abyss:2)
  28 yaks
  5 basilisks
  2 wyverns (Lair:4)
  2 steam dragons (Volcano)
  A fire elemental (Lair:2)
  A redback (Lair:3)
  2 neqoxecs (Abyss:2)
  A large abomination (Abyss:2)
  9 water moccasins
  A hell hound (Volcano)
  An orc warrior (D:9)
  2 ice beasts
  2 black bears
  4 sky beasts
  5 centaurs
  An ogre (D:6)
  14 wolves
  3 lemures (D:8)
  A phantom (D:5)
  A kobold brigand (D:8)
  14 bullfrogs
  4 scorpions
  10 wights
  9 killer bees
  A vampire bat (D:4)
  3 electric eels
  A howler monkey (D:9)
  2 jellies
  3 orc priests
  4 hounds
  7 hell rats (Lair:5)
  4 sleepcaps
  5 orc wizards
  13 gnolls
  5 adders
  2 shadow imps
  3 white imps
  2 ufetubi
  A worm (D:3)
  A dart slug (D:1)
  5 fire bats
  16 orcs
  2 spectral bats (D:4)
  4 ball pythons
  3 bat skeletons (D:4)
  A bat zombie (D:4)
  8 endoplasms
  5 giant cockroaches
  10 goblins
  11 hobgoblins
  4 jackals
  4 quokkas
  19 bats
  A bat simulacrum (D:4)
  2 frilled lizards
  25 kobolds
  7 rats
  A fire vortex (Lair:2)
407 creatures vanquished.

Vanquished Creatures (collateral kills)
  19 foxfires
19 creatures vanquished.

Vanquished Creatures (others)
  A hell hound (Volcano)
  An orc (D:8)
  A fire vortex (Lair:2)
  413 foxfires
416 creatures vanquished.

Grand Total: 842 creatures vanquished

Notes
Turn   | Place    | Note
-------+----------+-------------------------------------------
     0 | D:1      | Graphine the Draconian Air Elementalist began the quest for
                  | the Orb.
     0 | D:1      | Reached XP level 1. HP: 14/14 MP: 3/3
   346 | D:1      | Reached XP level 2. HP: 22/22 MP: 3/5
   450 | D:1      | Learned a level 2 spell: Static Discharge
   884 | D:1      | Reached skill level 1 in Fighting
  1085 | D:1      | Reached XP level 3. HP: 25/28 MP: 0/6
  1361 | D:1      | Learned a level 3 spell: Swiftness
  1537 | D:2      | Found a faded altar of an unknown god.
  2102 | D:2      | Found a snail-covered altar of Cheibriados.
  2365 | D:2      | Reached XP level 4. HP: 35/35 MP: 7/7
  2618 | D:3      | Noticed Sigmund
  2630 | D:3      | Killed Sigmund
  2631 | D:3      | Reached skill level 2 in Conjurations
  2631 | D:3      | Reached skill level 1 in Translocations
  2631 | D:3      | Reached XP level 5. HP: 12/41 MP: 4/9
  2635 | D:3      | Learned a level 2 spell: Blink
  2756 | D:3      | Reached XP level 6. HP: 29/48 MP: 3/10
  3960 | D:4      | Found a hide-covered altar of Uskayaw.
  4430 | D:4      | Your scales start taking on a golden yellow colour.
  4430 | D:4      | Reached XP level 7. HP: 53/56 MP: 6/11
  4430 | D:4      | Gained mutation: You are resistant to acid. (rCorr) [Yellow
                  | Draconian growth]
  4471 | D:4      | Reached skill level 5 in Air Magic
  4528 | D:4      | Reached skill level 3 in Conjurations
  4858 | D:4      | Learned a level 4 spell: Airstrike
  4859 | D:5      | Entered Level 5 of the Dungeon
  5058 | D:5      | Found a sacrificial altar of Ru.
  5062 | D:5      | Found a shimmering altar of Xom.
  5069 | D:5      | Found a shadowy altar of Dithmenos.
  5072 | D:5      | Found a basalt altar of Yredelemnul.
  5074 | D:5      | Found a radiant altar of Vehumet.
  5079 | D:5      | Found a glowing golden altar of the Shining One.
  5727 | D:5      | Got the Catalogue of Combat Magic
  5997 | D:6      | Found a shimmering blue altar of Sif Muna.
  6005 | D:6      | Became a worshipper of Sif Muna the Loreminder
  6044 | D:6      | Reached XP level 8. HP: 66/66 MP: 9/13
  6312 | D:6      | Reached skill level 4 in Conjurations
  6422 | D:6      | Found a white marble altar of Elyvilon.
  6712 | D:6      | Found Fazuth's Lightly-Used Armoury.
  6792 | D:6      | Noticed Grinder
  6793 | D:6      | Paralysed by Grinder for 4 turns
  6806 | D:6      | Killed Grinder
  7119 | D:6      | Reached * piety under Sif Muna
  7335 | D:7      | Reached skill level 5 in Fighting
  7335 | D:7      | Reached XP level 9. HP: 59/74 MP: 10/16
  7496 | D:7      | Found a staircase to the Ecumenical Temple.
  7660 | D:7      | Identified the +1 robe of Dice, Bag, and Bottle {Rampage
                  | Will++ rCorr Str-5}
  7954 | D:7      | You fall into a shaft and drop 2 floors!
  8049 | D:9      | Found a staircase to the Lair.
  8135 | D:9      | Reached skill level 5 in Spellcasting
  8135 | D:9      | Reached skill level 5 in Conjurations
  8267 | D:8      | Reached ** piety under Sif Muna
  8582 | D:7      | Reached skill level 5 in Dodging
  8854 | D:8      | Noticed Pikel
  8992 | D:7      | Killed Pikel
  9196 | D:8      | Noticed Joseph
  9209 | D:8      | Killed Joseph
  9429 | D:8      | Reached XP level 10. HP: 83/83 MP: 8/18
  9436 | D:8      | Learned a level 5 spell: Iskenderun's Battlesphere
  9646 | D:8      | Noticed Psyche
  9658 | D:8      | Killed Psyche
  9955 | D:8      | Found an iron altar of Okawaru.
 10132 | D:9      | Found the sphere of Battle
 10288 | D:9      | Reached skill level 6 in Conjurations
 10723 | Lair:1   | Entered Level 1 of the Lair of Beasts
 10726 | Lair:1   | Noticed a cane toad
 10731 | Lair:1   | Killed a cane toad
 10769 | Lair:1   | Noticed a boulder beetle
 10785 | Lair:1   | Killed a boulder beetle
 10786 | Lair:1   | Reached skill level 1 in Fire Magic
 11175 | Lair:1   | Noticed a cane toad
 11181 | Lair:1   | Killed a cane toad
 11249 | Lair:1   | Noticed a cane toad
 11255 | Lair:1   | Killed a cane toad
 11256 | Lair:1   | Reached skill level 7 in Conjurations
 11308 | Lair:1   | Reached skill level 10 in Air Magic
 11517 | Lair:1   | Reached XP level 11. HP: 92/92 MP: 12/20
 11952 | Lair:1   | Learned a level 1 spell: Foxfire
 12211 | Lair:2   | Reached *** piety under Sif Muna
 12382 | Lair:2   | Found a staircase to the Swamp.
 12581 | Lair:2   | Reached skill level 8 in Conjurations
 12702 | Lair:2   | Reached skill level 5 in Fire Magic
 12887 | Lair:2   | Noticed a boulder beetle
 12901 | Lair:2   | Killed a boulder beetle
 13562 | Lair:2   | Noticed Sonja
 13565 | Lair:2   | Killed Sonja
 14032 | Lair:3   | Found a hole to the Spider Nest.
 14042 | Lair:3   | Reached skill level 9 in Conjurations
 14042 | Lair:3   | Reached XP level 12. HP: 89/103 MP: 17/23
 14794 | Lair:3   | Reached **** piety under Sif Muna
 15769 | Lair:4   | Reached skill level 10 in Conjurations
 16626 | Lair:5   | Entered Level 5 of the Lair of Beasts
 16646 | Lair:5   | Noticed a four-headed hydra
 16656 | Lair:5   | Killed a four-headed hydra
 16657 | Lair:5   | Reached XP level 13. HP: 12/111 MP: 3/25
 16871 | Lair:5   | Found a dark tunnel.
 16878 | Volcano  | Entered a volcano
 17068 | Volcano  | Reached skill level 11 in Conjurations
 17218 | Volcano  | Reached skill level 10 in Fighting
 17249 | Volcano  | Reached ***** piety under Sif Muna
 17457 | Volcano  | Noticed a fire dragon
 17469 | Volcano  | Killed a fire dragon
 18175 | Lair:5   | Noticed a dire elephant
 18197 | Lair:5   | Killed a dire elephant
 18198 | Lair:5   | Reached skill level 10 in Fire Magic
 18256 | Lair:5   | Received a gift from Sif Muna
 18259 | Lair:5   | Got Xemasuf's Omnibus of the Excursion and Reformation {god
                  | gift}
 18394 | Lair:5   | Reached skill level 12 in Conjurations
 18431 | Abyss:2  | Cast into level 2 of the Abyss (a wizard)
 18765 | Abyss:2  | Noticed a bone dragon
 18833 | Abyss:2  | Noticed a balrug
 18848 | Abyss:2  | Noticed a starcursed mass
 18856 | Abyss:2  | Noticed a cyan very ugly thing
 18906 | Abyss:2  | Noticed a starcursed mass
 18914 | Abyss:2  | Noticed a tentacled starspawn
 18924 | Abyss:2  | Noticed a Hell Sentinel
 18959 | Abyss:2  | HP: 3/114 [poisoned by you (poison gas)]
 18961 | Abyss:2  | Engulfed by a cloud of poison gas

Illustrated notes

Levels and vault maps discovered:
D:1:      kennysheep_arrival_forest, layout_loops_corners
D:2:      layout_basic, hellmonk_ecumenical_altar_run_dry, basic_altar
D:3:      layout_basic, hellmonk_no_cap, uniq_sigmund
D:4:      layout_cave_pools, lemuel_coloured_pillars_altar,
          minmay_misc_feat_columns, goddamned_bats
D:5:      layout_loops_ring, nicolae_overflow_hallway_of_the_gods
D:6:      corexii_shantytown, layout_cave_pools, mainiacjoe_overflow_alcove_2,
          mainiacjoe_overflow_concentric_impassable, glass_columns_b,
          minmay_shop_damaged, uniq_grinder
D:7:      layout_basic, minmay_temple_entry_glassed_door
D:8:      layout_loops_ring, mainiacjoe_overflow_alcove_1, grunt_ministairs_1,
          uniq_joseph, uniq_pikel, uniq_psyche
D:9:      layout_roguey, dpeg_oklobed_lair
Lair:1:   layout_hall_layers
Lair:2:   layout_gridlike, swamp_mist, nzn_sisyphean_effort,
          serial_bayou_shore_b, uniq_sonja
Lair:3:   layout_cave_pods, spider_nest_entry_a, lemuel_fruit_tree,
          serial_bayou_shore_a, grunt_megastairs_1
Lair:4:   statuecave_lemuel, layout_long_grid
Lair:5:   evil_forest, layout_concentric_octagons, minmay_slime_entry_pillars,
          gauntlet_entry_generic, nicolae_volcano_entry_two_sided
Abyss:2:  base: D:12, bh_silent_lugonu_exit, gammafunk_corrupted_shrine

Skill      XL: |  1  2  3  4  5  6  7  8  9 10 11 12 13 |
---------------+----------------------------------------+-----
Dodging        | 2 3 4 5 6 7 8 9 |  9.1
Fighting       | 1 2 3 5 6 7 8 9 10 | 10.7
Conjurations   | 2 3 4 5 7 9 10 12 | 12.3
Translocations | 1 2 |  2.0
Air Magic      | 4 5 7 8 10 | 10.0
Spellcasting   | 3 4 5 6 7 8 |  8.0
Fire Magic     | 3 6 8 10 | 10.6
Stealth        | |  1.7

Action                     |  1- 3 |  4- 6 |  7- 9 | 10-12 | 13-15 || total
---------------------------+-------+-------+-------+-------+-------++-------
  Melee: Unarmed           |    23 |       |       |       |       ||    23
         Tailslap          |     7 |    15 |    26 |     6 |     3 ||    57
         Short sword       |    26 |       |       |       |       ||    26
         Dagger            |     8 |    79 |   129 |    34 |    16 ||   266
         Punch             |       |     2 |     2 |       |       ||     4
   Cast: Shock             |    52 |    10 |    61 |   206 |   125 ||   454
         Static Discharge  |    11 |    29 |    95 |    52 |    48 ||   235
         Swiftness         |       |       |     5 |     1 |     4 ||    10
         Blink             |       |       |     1 |     1 |     6 ||     8
         Airstrike         |       |       |     1 |       |       ||     1
         Iskenderun's Batt |       |       |       |    19 |     1 ||    20
         Foxfire           |       |       |       |   168 |    77 ||   245
Ability: Breathe Acid      |       |       |     9 |       |     1 ||    10
  Evoke: Wand              |       |       |       |       |     3 ||     3
    Use: Scroll            |       |    11 |     9 |     7 |    10 ||    37
         Potion            |       |     1 |     1 |     2 |    16 ||    20
   Stab: Sleeping          |     1 |     2 |     4 |       |       ||     7
         Distracted        |     1 |       |       |       |       ||     1
 Armour: Skin              |    39 |    41 |   114 |    49 |    87 ||   330
  Dodge: Dodged            |    51 |    78 |   176 |   110 |   168 ||   583
